AoeStats
← a.l.a.n.t

African Clearing

504332158Analyzed
4v4 RM · 28d ago on Sep 4, 2026· 41m 43s· 8 players
Game mode
Random Map
Map size
Large (8 player)
Population
200
Speed
Normal
Resources
Standard
Victory
Conquest
Starting age
Dark Age
Ending age
Imperial Age
RankedLock teamsTeams togetherTeam positionsShared explorationLock speedFull tech treeHidden civsTurbo modeCheats
Victory
Defeat
🇵🇰 Mongols · Pakistan
1294
+16
🇦🇷 Bengalis · Argentina
1250
+18
🇨🇴 Bohemians · Colombia
1239
+20
🇬🇧 Vietnamese · United Kingdom
1235
+19
🇨🇳 Celts · China
1312
-19
🇬🇷 Huns · Greece
1300
-18
🇮🇳 Wei · India
1300
-18
🇬🇧 Franks · United Kingdom
1289
-18
Sheepeehs
10:17 Loom
15:11 Feudal Age
21:40 Castle Age
20:55 Double-Bit Axe
34:08 Fervor
34:19 Sanctity
CCCP
13:18 Feudal Age
21:22 Castle Age
37:06 Bloodlines
36:59 Husbandry
RockAxe4356
6:35 Loom
14:56 Feudal Age
19:21 Castle Age
18:24 Horse Collar
18:36 Double-Bit Axe
19:18 Horse Collar
20:33 Bow Saw
26:13 Heavy Plow
27:34 Tuntian
28:13 Bloodlines
29:44 Husbandry
30:21 Scale Barding Armor
30:27 Forging
33:03 Chain Barding Armor
32:48 Gold Mining
34:49 Iron Casting
35:31 Gold Shaft Mining
34:47 Stone Mining
36:10 Wheelbarrow
38:19 Hand Cart
37:51 Town Watch
野象
5:38 Loom
13:36 Feudal Age
14:08 Double-Bit Axe
14:04 Horse Collar
19:13 Castle Age
20:16 Bow Saw
21:12 Town Watch
23:23 Heavy Plow
24:26 Gold Mining
24:29 Stone Mining
34:43 Ballistics
39:18 Imperial Age
39:44 Wheelbarrow
39:35 Heavy Scorpion
a.l.a.n.t
9:15 Loom
12:01 Feudal Age
14:35 Double-Bit Axe
15:37 Fletching
21:30 Wheelbarrow
25:07 Castle Age
24:09 Stone Mining
33:59 Squires
35:49 Bow Saw
35:45 Horse Collar
39:37 Scale Mail Armor
41:37 Chain Mail Armor
CerealKiller
4:16 Loom
13:15 Feudal Age
13:25 Feudal Age
19:16 Castle Age
17:45 Double-Bit Axe
20:37 Town Watch
22:06 Horse Collar
27:58 Bow Saw
29:26 Wheelbarrow
30:48 Wagenburg Tactics
31:08 Ballistics
31:27 Town Patrol
32:38 Heavy Plow
33:00 Forging
32:51 Scale Mail Armor
33:41 Squires
33:27 Arson
34:50 Iron Casting
33:38 Pikeman
37:09 Imperial Age
36:16 Chemistry
36:25 Chain Mail Armor
36:13 Fletching
37:50 Hand Cart
37:32 Bodkin Arrow
39:08 Two-Man Saw
39:00 Masonry
39:55 Plate Mail Armor
40:45 Siege Engineers
41:11 Architecture
41:04 Conscription
42:37 Blast Furnace
41:13 Halberdier
jj
11:20 Loom
13:26 Feudal Age
17:48 Castle Age
15:44 Double-Bit Axe
18:20 Fletching
19:27 Bodkin Arrow
19:37 Horse Collar
33:15 Town Watch
34:06 Wheelbarrow
34:01 Husbandry
35:10 Bloodlines
35:55 Wheelbarrow
39:30 Imperial Age
37:06 Gold Mining
37:43 Scale Barding Armor
38:00 Heavy Plow
38:32 Forging
38:51 Chain Barding Armor
41:06 Bracer
bilalnizamani001
3:01 Loom
11:58 Feudal Age
17:02 Castle Age
15:42 Stone Mining
15:39 Double-Bit Axe
18:47 Bow Saw
20:50 Gold Mining
22:20 Fletching
23:54 Ballistics
24:55 Padded Archer Armor
26:04 Bodkin Arrow
30:21 Leather Archer Armor
32:04 Wheelbarrow
33:32 Husbandry
34:51 Bloodlines
38:02 Imperial Age
35:19 Town Watch
36:23 Thumb Ring
36:32 Horse Collar
37:29 Gold Shaft Mining
37:29 Stone Shaft Mining
38:23 Elite Mangudai
40:17 Bracer
41:29 Conscription
41:12 Heavy Plow
Connection lost

Rejoining the realm…

Still unreachable

The connection could not be restored.

Session expired

The server has moved on; the page needs a fresh start.